 Dungeon Crawl Stone Soup version 0.27.1-35-g4d5d836560 (webtiles) character file.

Game seed: 8974035494389241766

9 Delamore the Sneak (level 2, -2/19 HPs)
             Began as an Octopode Brigand on May 16, 2022.
             Slain by a quokka (4 damage)
             ... on level 1 of the Dungeon.
             The game lasted 00:00:16 (284 turns).

Delamore the Sneak (Octopode Brigand)                Turns: 284, Time: 00:00:17

Health: -2/19      AC:  1    Str: 10    XL:     2   Next: 16%
Magic:  2/2        EV: 12    Int: 13    God:
Gold:   22         SH:  0    Dex: 13    Spells: 1/1 levels left

rFire    . . .     SeeInvis .   a - +2 dagger
rCold    . . .     Faith    .   (no shield)
rNeg     . . .     Spirit   .   (helmet restricted)
rPois    .         Reflect  .   (no amulet)
rElec    .         Harm     .   (no ring)
rCorr    .         Rampage  .   (no ring)
Will     .....                  (no ring)
Stlth    ++++......             (no ring)
HPRegen  0.06/turn              (no ring)
MPRegen  0.08/turn              (no ring)
                                (no ring)
                                (no ring)

@: no status effects
A: almost no armour, amphibious, 8 rings, camouflage 1, gelatinous body 1,
(nimble swimmer 1), tentacles
a: no special abilities


You were on level 1 of the Dungeon.
You visited 1 branch of the dungeon, and saw 1 of its levels.

You collected 22 gold pieces.

Inventory:

Hand Weapons
 a - a +2 dagger (weapon)
Missiles
 b - 8 poisoned darts (quivered)
 c - 2 curare-tipped darts


   Skills:
 - Level 2.0 Fighting
 * Level 2.6 Short Blades
 + Level 2.2 Throwing
 - Level 1.0 Dodging
 - Level 5.3 Stealth


You had one spell level left.
You didn't know any spells.
Your spell library contained the following spells:

 Spells                   Type           Power      Damage    Failure   Level
 Blink                    Tloc           N/A        N/A       43%         2
 Lesser Beckoning         Tloc           0%         N/A       67%         3
 Manifold Assault         Tloc           0%         N/A       100%        5


Dungeon Overview and Level Annotations

Branches:
Dungeon (1/15)

Altars:


Innate Abilities, Weirdness & Mutations

You cannot wear most types of armour.
You are amphibious.
You can wear up to eight rings at the same time.
Your skin changes colour to match your surroundings (Stealth+).
Your rubbery body absorbs attacks. (AC +1, EV +1)
((You are camouflaged near water. (Stealth+)))
You have tentacles for arms and can constrict up to eight enemies at once.


Message History

You closely miss the jackal. You grab the jackal.
You constrict the jackal, but do no damage.
The jackal bites you but does no damage.
The jackal closely misses you. The jackal bites you.
You hit the jackal.
The jackal is moderately wounded.
You constrict the jackal, but do no damage.
The jackal bites you. x2; The jackal barely misses you.
You hit the jackal.
The jackal is heavily wounded.
You constrict the jackal. The quokka bites you. The jackal bites you. x3
* * * LOW HITPOINT WARNING * * *
You are too injured to fight recklessly!
You are too injured to fight recklessly!
You are too injured to fight recklessly!
You are too injured to fight recklessly!
You are too injured to fight recklessly!
You are too injured to fight recklessly!
You are too injured to fight recklessly!
You are too injured to fight recklessly!
You are too injured to fight recklessly!
You hit the jackal.
You kill the jackal!
The jackal misses you. The quokka barely misses you.
The jackal bites you but does no damage.
You closely miss the quokka. Your grab misses the quokka.
Your squeeze misses the quokka. The jackal closely misses you.
The jackal bites you.
* * * LOW HITPOINT WARNING * * *
The quokka misses you. The jackal barely misses you.
The jackal completely misses you.
You closely miss the quokka. You grab the quokka.
You constrict the quokka, but do no damage.
The quokka misses you. The jackal misses you. The jackal barely misses you.
You hit the jackal. You grab the jackal.
The jackal is moderately wounded.
You constrict the jackal, but do no damage.
You constrict the quokka, but do no damage.
The quokka bites you.
You die...

..
...#....##........###.
..... #....##........#
#. .....
#.#######......# #.
≈≈≈§..#.#...# #...)..#
#. ....≈.#.#...#
#......# #.
.......'#...##########
#. ......≈......# #.
.......≈.....#### #.
.≈....h≈@r......#
######.
≈.≈....≈hh.....?#
.......
≈_≈....≈........#
.......
.≈.....≈.....####
.......
......≈........
######.
....≈..###..... #.
...§... ..(..# #.
.≈≈.... .....# #. #.


You could see a quokka and 3 jackals.

Vanquished Creatures
  An endoplasm (D:1)
  A giant cockroach (D:1)
  A goblin (D:1)
  2 hobgoblins (D:1)
  A jackal (D:1)
  A kobold (D:1)
  A rat (D:1)
8 creatures vanquished.

Notes
Turn   | Place    | Note
-------+----------+-------------------------------------------
     0 | D:1      | Delamore the Octopode Brigand began the quest for the Orb.
     0 | D:1      | Reached XP level 1. HP: 14/14 MP: 1/1
   268 | D:1      | Found a faded altar of an unknown god.
   276 | D:1      | Reached XP level 2. HP: 19/19 MP: 2/2
   284 | D:1      | Slain by a quokka

Illustrated notes

Levels and vault maps discovered:
D:1:      dpeg_arrival_radiant, layout_basic,
          shapermc_ecumenical_altar_starsandcircs

Action                   || total
-------------------------++-------
Melee: Dagger            ||    18
       Constrict         ||     6
       Tentacles         ||     3
 Stab: Sleeping          ||     3
Armor: Skin              ||     3
Dodge: Dodged            ||    15
